 Dungeon Crawl Stone Soup version 0.32-a0-391-gce5c0aab1b (webtiles) character file.

Game seed: 13325677492572634147

1820271 CougarLife the Metallomancer (level 27, 180/180 HPs)
             Began as a Gargoyle Earth Elementalist on Feb 18, 2024.
             Was the Champion of Vehumet.
             Escaped with the Orb
             ... and 4 runes on Feb 20, 2024!
             The game lasted 04:25:05 (109497 turns).

CougarLife the Metallomancer (GrEE)               Turns: 109497, Time: 04:25:06

Health: 180/180    AC: 45    Str: 14    XL:     27
Magic:  56/56      EV: 16    Int: 33    God:    Vehumet [******]
Gold:   10073      SH:  9    Dex:  8    Spells: 6/65 levels left

rFire   + + +        f - staff of Checks and Balances {rC+ SInv Conj}
rCold   + + .        T - +3 warlock's mirror {omnireflect}
rNeg    + . .        v - +1 acid dragon scales of Card Tricks {rF+++ Regen+ rCorr}
rPois   ∞            V - +3 hat of Pondering {ponderous, Will+ MP+10 Int+5}
rElec   +            r - +2 cloak
rCorr   +            g - +0 pair of gloves of Jenguoq {+Blink Regen+}
SInv    +            U - +2 pair of boots
Will    +++..        h - amulet of the acrobat
Stlth   +            L - ring of protection from cold
HPRegen 2.10/turn    I - +5 ring of evasion
MPRegen 0.35/turn

%: reflection, acrobat
@: flying, studying Invocations, slow
A: sickness immunity, AC +20, big wings, negative energy resistance 1,
electricity resistance, torment resistance 1, petrification resistance,
iridescent scales 2, clumsy 1, noise suppression
0: Orb of Zot
}: 4/15 runes: serpentine, barnacled, slimy, silver
a: Renounce Religion, Evoke Blink


You escaped.
You worshipped Vehumet.
Vehumet was exalted by your worship.
You visited 12 branches of the dungeon, and saw 56 of its levels.
You visited the Abyss 2 times.
You also visited: Sewer, Bailey and Ice Cave.

You collected 12086 gold pieces.
You spent 2013 gold pieces at shops.

Inventory:

Missiles
 k - 3 throwing nets
 P - 18 curare-tipped darts
Armour
 g - the +0 pair of gloves of Jenguoq (worn) {+Blink Regen+}
   (You found it on level 2 of the Elven Halls)

   +Blink:    It lets you blink.
   Regen+:    It increases your rate of health regeneration.
 r - a +2 cloak (worn)
 v - the +1 acid dragon scales of Card Tricks (worn) {rF+++ Regen+ rCorr}
   (You took it off a deep elf death mage on level 3 of the Elven Halls)

   rF+++:     It renders you almost immune to fire.
   Regen+:    It increases your rate of health regeneration.
   rCorr:     It protects you from acid and corrosion.
 H - the +1 faerie dragon scales {rPois rCorr MP+8}
   (You took it off the Enchantress on level 2 of the Depths)

   rPois:     It protects you from poison MP+8: It affects your magic capacity
   (+8).
   rCorr:     It protects you from acid and corrosion.
 T - the +3 warlock's mirror (worn) {omnireflect}
   (You bought it in a shop on level 6 of the Dungeon)

   Omnireflect: It can block and reflect piercing ranged attacks and magical
   attacks against the wielder's willpower.
 U - a +2 pair of boots (worn)
 V - the +3 hat of Pondering (worn) {ponderous, Will+ MP+10 Int+5}
   (You found it on level 4 of the Lair of Beasts)

   Int+5:     It affects your intelligence (+5).
   Will+:     It increases your willpower.
   MP+10:     It affects your magic capacity (+10).
Magical Staves
 f - the staff of Checks and Balances (weapon) {rC+ SInv Conj}
   (You acquired it on level 1 of the Snake Pit)

   [staff of conjuration]

   Base accuracy: +5 Base damage: 5 Base attack delay: 1.2 This weapon's minimum
   attack delay (0.6) is reached at skill level 12.
   rC+:       It protects you from cold.
   SInv:      It lets you see invisible.
   Conj:      It increases the power of your Conjurations spells.
   It falls into the 'Staves' category.
   It is a one-handed weapon.
Jewellery
 h - an amulet of the acrobat (around neck)
 I - a +5 ring of evasion (right hand)
 L - a ring of protection from cold (left hand)
 M - a ring of willpower
 R - a ring of positive energy
 S - the ring "Hidayrik" {Fly rF+ Will++ Slay+3}
   (You found it on level 5 of the Pits of Slime)

   [ring of flight]

   Slay+3:    It affects your accuracy & damage with ranged weapons and melee
   (+3).
   rF+:       It protects you from fire.
   Will++:    It greatly increases your willpower.
   Fly:       It grants you flight.
 Y - the ring "Bankuh" {Ice Int+5}
   (You found it on level 5 of the Lair of Beasts)

   [ring of ice]

   Ice:       It enhances your ice magic.
   Int+5:     It affects your intelligence (+5).
   rF-:       It makes you vulnerable to fire.
   rC+:       It protects you from cold.
Wands
 p - a wand of mindburst (49)
 x - a wand of flame (108)
 y - a wand of charming (43)
 z - a wand of iceblast (50)
 D - a wand of digging (27)
 F - a wand of acid (39)
 N - a wand of polymorph (14)
Scrolls
 b - 5 scrolls of summoning
 c - 17 scrolls of teleportation
 d - 5 scrolls of poison
 e - 11 scrolls of amnesia
 i - 9 scrolls of immolation
 s - 5 scrolls of fog
 t - 10 scrolls of vulnerability
 u - 11 scrolls of blinking
 B - 13 scrolls of fear
 G - 23 scrolls of noise
 O - 4 scrolls of silence
 Q - 3 scrolls of torment
Potions
 a - 7 potions of attraction
 j - 5 potions of haste
 l - 12 potions of enlightenment
 n - 25 potions of curing
 o - 12 potions of mutation
 w - 19 potions of heal wounds
 A - 5 potions of cancellation
 C - a potion of invisibility
 E - 2 potions of brilliance
 K - 7 potions of resistance
 W - 6 potions of lignification
 X - 3 potions of ambrosia


   Skills:
 - Level 20.7 Fighting
 - Level 10.0 Armour
 - Level 1.5 Dodging
 - Level 2.1 Stealth
 - Level 11.7 Shields
 - Level 19.5 Spellcasting
 - Level 22.3 Conjurations
 - Level 21.9 Fire Magic
 + Level 16.6 Air Magic
 - Level 24.3 Earth Magic


You had 6 spell levels left.
You knew the following spells:

 Your Spells              Type           Power      Damage    Failure   Level
a - Fire Storm            Conj/Fire      66%        8d17      5%          9
b - Stone Arrow           Conj/Erth      100%       3d13      0%          3
c - Freezing Cloud        Conj/Ice/Air   54%        6-21      1%          5
d - Plasma Beam           Fire/Air       51%        2x1d66    1%          6
e - Starburst             Conj/Fire      66%        6d17      1%          6
f - Lee's Rapid Deconstr  Erth           56%        3d26*     0%          5
g - Ignition              Fire           54%        3d15      1%          8
h - Lehudib's Crystal Sp  Conj/Erth      67%        10d15     1%          8
i - Shatter               Erth           56%        3d42*     2%          9

Your spell library contained the following spells:

 Spells                   Type           Power      Damage    Failure   Level
 Polar Vortex             Ice            16%        12d2*     100%        9
 Foxfire                  Conj/Fire      100%       2x1d9     0%          1
 Kiss of Death            Conj/Necr      100%       2d13      0%          1
 Magic Dart               Conj           100%       1d8       0%          1
 Sandblast                Erth           100%       2d20      0%          1
 Sting                    Conj/Alch      100%       1d9       0%          1
 Searing Ray              Conj           100%       2d8       0%          2
 Static Discharge         Conj/Air       100%       3-8/arc   0%          2
 Passwall                 Erth           100%       N/A       0%          3
 Airstrike                Air            48%        2d(7-23)  0%          4
 Brom's Barrelling Bould  Conj/Erth      100%       2d11      0%          4
 Flame Wave               Conj/Fire      100%       2d21      0%          4
 Fireball                 Conj/Fire      66%        3d25      0%          5
 Iskenderun's Battlesphe  Conj           100%       2d15      0%          5
 Bombard                  Conj/Erth      67%        9d11      0%          6
 Apportation              Tloc           64%        N/A       1%          1
 Freeze                   Ice            100%       1d10      1%          1
 Necrotise                Necr           100%       1d9       1%          1
 Summon Small Mammal      Summ           100%       N/A       1%          1
 Frozen Ramparts          Ice            64%        1d10      1%          3
 Hailstorm                Conj/Ice       100%       3d16      1%          3
 Inner Flame              Hex/Fire       81%        N/A       1%          3
 Volatile Blastmotes      Fire/Tloc      100%       2d18      1%          3
 Animate Armour           Summ/Erth      100%       N/A       1%          4
 Fulminant Prism          Conj/Alch      51%        3d23      1%          4
 Ignite Poison            Fire/Alch      81%        N/A       1%          4
 Iskenderun's Mystic Bla  Conj/Tloc      100%       2d19      1%          4
 Petrify                  Alch/Erth      84%        N/A       1%          4
 Sticky Flame             Fire/Alch      81%        2d13      1%          4
 Summon Blazeheart Golem  Fire/Summ      81%        N/A       1%          4
 Summon Lightning Spire   Summ/Air       72%        N/A       1%          4
 Conjure Ball Lightning   Conj/Air       63%        3x3d23    1%          6
 Blink                    Tloc           64%        N/A       2%          2
 Call Imp                 Summ           64%        N/A       2%          2
 Jinxbite                 Hex            64%        N/A       2%          2
 Lesser Beckoning         Tloc           64%        N/A       2%          2
 Olgreb's Toxic Radiance  Alch           32%        N/A       4%          4
 Call Canine Familiar     Summ           32%        N/A       5%          3
 Confusing Touch          Hex            32%        N/A       5%          3
 Fugue of the Fallen      Necr           32%        N/A       5%          3
 Ozocubu's Armour         Ice            32%        N/A       5%          3
 Summon Ice Beast         Ice/Summ       32%        N/A       5%          3
 Vampiric Draining        Necr           32%        2d8       5%          3
 Yara's Violent Unravell  Hex/Alch       16%        3d8       13%         5
 Anguish                  Hex/Necr       16%        N/A       17%         4
 Cause Fear               Hex            16%        N/A       17%         4
 Dispel Undead            Necr           32%        3d14      17%         4
 Manifold Assault         Tloc           32%        N/A       17%         4
 Martyr's Knell           Necr/Summ      32%        N/A       17%         4
 Alistair's Intoxication  Alch           21%        N/A       43%         5
 Curse of Agony           Necr           32%        N/A       43%         5
 Metabolic Englaciation   Hex/Ice        16%        N/A       43%         5
 Summon Forest            Summ/Tloc      16%        N/A       43%         5
 Summon Mana Viper        Hex/Summ       32%        N/A       43%         5
 Eringya's Noxious Bog    Alch           16%        4d6       54%         6
 Death Channel            Necr           16%        N/A       95%         6
 Dispersal                Tloc           16%        N/A       95%         6
 Sculpt Simulacrum        Ice/Alch       16%        N/A       95%         6
 Spellforged Servitor     Conj/Summ      51%        N/A       4%          7
 Chain Lightning          Conj/Air       63%        3d84      16%         9
 Ozocubu's Refrigeration  Ice            16%        4d11      96%         7
 Enfeeble                 Hex            16%        N/A       100%        7
 Haunt                    Necr/Summ      16%        N/A       100%        7
 Malign Gateway           Summ/Tloc      16%        N/A       100%        7
 Monstrous Menagerie      Summ           16%        N/A       100%        7
 Summon Hydra             Summ           16%        N/A       100%        7
 Borgnjor's Revivificati  Necr           16%        N/A       100%        8
 Discord                  Hex            16%        N/A       100%        8
 Disjunction              Tloc           16%        N/A       100%        8
 Death's Door             Necr           16%        N/A       100%        9
 Dragon's Call            Summ           16%        N/A       100%        9
 Cigotuvi's Dreadful Rot  Necr/Alch/Air  Unusable   N/A       N/A         2
 Sublimation of Blood     Necr           Unusable   N/A       N/A         2

Dungeon Overview and Level Annotations

Branches:
Dungeon (15/15)            Temple (1/1) D:5            Lair (5/5) D:8
 Shoals (4/4) Lair:3        Snake (4/4) Lair:2        Slime (5/5) Lair:4
    Orc (2/2) D:9             Elf (3/3) Orc:2        Vaults (5/5) D:13
  Crypt (3/3) Vaults:3       Tomb (0/3) Crypt:3      Depths (4/4) D:15
    Zot (5/5) Depths:4      Sewer (visited)          Bailey (visited)
  IceCv (visited)

Altars:
Ashenzari
Cheibriados
Dithmenos
Elyvilon
Fedhas
Gozag
Hepliaklqana
Kikubaaqudgha
Makhleb
Nemelex Xobeh
Okawaru
Qazlal
Ru
Sif Muna
Trog
Uskayaw
Vehumet
Wu Jian
Xom
Yredelemnul
Zin
The Shining One
Beogh
Jiyva
Lugonu

Shops:
D:5 [   D:6 [   D:9 (   Orc:2 (=[*   Elf:3 *?:[   Snake:4 :=:   Depths:1 [
Depths:3 ([[

Portals:
Hell: Depths:1 Depths:2 Depths:3 Depths:4
Abyss: Depths:1 Depths:2 Depths:3 Depths:4
Pandemonium: Depths:2 Depths:3
Ziggurat: Depths:3

Annotations:
D:10 2 transporters, DimondSprtn's ghost, novice MDFE
D:11 2 runed translucent doors, CougarLife's ghost, journeyman GrEE
Lair:3 2 runed translucent doors, Zenwuu's ghost, adept TeAE
Lair:4 1 runed translucent door, Hoaki's ghost, journeyman HONe
Zot:2 1 runed translucent door, Vytzaeja's ghost, veteran OnBe
Zot:3 3 runed translucent doors, Qephaces's ghost, veteran GnGl


Innate Abilities, Weirdness & Mutations

You are immune to sickness and miasma.
Your stone body is resilient. (AC +20)
You are immune to poison.
Your large and strong wings let you fly.
You resist negative energy. (rN+)
You are resistant to electric shocks. (rElec)
You are resistant to unholy torment.
You are immune to petrification.
You are mostly covered in iridescent scales. (AC +4)
You are clumsy. (Dex -2)
You passively dampen the noise of your surroundings.


Message History

There is an escape hatch in the floor here.
A reaper comes into view.
It is wielding a +4 scythe of protection.
There is a stone staircase leading up here.
You fly upwards.
There is a stone staircase leading down here.
Aiming: Dig
Press: ? - help, Shift-Dir - straight line You can't see that place.
The rock shatters into small pieces.
There is a stone staircase leading up here.
Things that are here:
a boomerang; a +0 short sword You fly upwards.
There is a stone staircase leading down here.
You can't go up here!
There is a stone staircase leading up here.
You fly upwards.
There is a stone staircase leading down here.
There is an open door here.
There is a stone staircase leading up here.
You fly upwards.
There is a stone staircase leading down here.
Aiming: Dig
Press: ? - help, Shift-Dir - straight line You can't see that place. [a rock wall.]
The rock shatters into small pieces.
Aiming: Dig
Press: ? - help, Shift-Dir - straight line You can't see that place. [a rock wall.]
The rock shatters into small pieces.
Aiming: Dig
Press: ? - help, Shift-Dir - straight line You can't see that place. [the floor.]
The rock shatters into small pieces.
There is a staircase leading out of the dungeon here.
You hear a grinding noise.
You have escaped!

...##.......##.######[......#####
..##.....####.......####.....##
.##....###.............###....##
##....##.....#.#####.....##....#
##...##....###.....###....#....##
#....#....##.........#..####....#
#...##...##...#.###........##...#
#...#....#...##...#.(..#....#...#
#...######...#..@......#)...#...#
#........#...##........#....#...#
######...##...##.##...##...##...#
.....#....##.....#...##....#....#
.....##....###...#.##.....##...##
......##.....#######.....##....##
###....###.............###....###
##.....####.......####.....##.#
##.......###.#####.......###..


There were no monsters in sight!

Vanquished Creatures
  the Royal Jelly (Slime:5)
  3 dread liches
  An ancient lich (Vaults:5)
  Mennas (Vaults:5)
  10 orbs of fire (Zot:5)
  Mara (Vaults:3)
  Josephina (Zot:4)
  Bai Suzhen (Vaults:3)
  4 Killer Klowns (Zot:5)
  A caustic shrike (Depths:1)
  4 curse toes
  A pandemonium lord (D:15)
  the Enchantress (Depths:2)
  Jory (Depths:4)
  6 golden dragons
  A profane servitor (Crypt:3)
  2 bone dragons
  3 electric golems
  A Tzitzimitl (Zot:5)
  11 tentacled monstrosities
  27 Orb Guardians
  4 liches
  A walking earthen tome (Depths:4)
  4 titans
  5 quicksilver dragons
  3 deep elf master archers
  2 deep elf blademasters (Elf:3)
  15 acid blobs
  A walking frostbound tome (Depths:4)
  4 ancient champions
  7 death cobs
  A tentacled starspawn (Abyss:2)
  5 sphinxes
  Polyphemus (Shoals:2)
  5 tengu reavers
  15 shadow dragons
  A demonspawn warmonger (D:15)
  Donald (Snake:1)
  13 storm dragons
  12 azure jellies
  7 draconian monks
  19 nagarajas (Snake:4)
  7 frost giants
  4 draconian shifters
  8 rockslimes
  13 vault wardens
  4 protean progenitors
  2 revenants
  4 draconian knights
  16 fire giants
  3 deep elf elementalists (Elf:3)
  13 deep elf sorcerers
  3 ghouls
  A balrug (D:15)
  3 draconian stormcallers
  5 ghost moths
  A reaper (Depths:3)
  2 draconian scorchers
  7 formless jellyfish
  25 ironbound preservers
  2 curse skulls
  A demonspawn blood saint (D:15)
  11 quicksilver oozes
  An angel (Depths:3)
  4 spriggan defenders
  7 draconian annihilators
  3 orc warlords
  30 very ugly things
  17 stone giants
  3 ironbound thunderhulks
  11 vampire knights
  2 broodmothers (Zot:3)
  14 yellow draconians
  12 deep elf annihilators
  6 deep elf demonologists
  15 green draconians
  10 deep elf death magi
  14 dire elephants
  8 black draconians
  4 red draconians
  10 white draconians
  A war gargoyle (Vaults:5)
  6 purple draconians
  15 jiangshi
  2 blizzard demons
  3 merfolk impalers (Shoals:4)
  13 fire dragons
  9 deep elf high priests
  11 yaktaur captains
  15 ettins
  An entropy weaver (Vaults:3)
  6 merfolk javelineers (Shoals:4)
  Fannar (D:10)
  4 rakshasas
  10 ice dragons
  2 spriggan zombies
  6 great orbs of eyes
  2 salamander tyrants
  2 quicksilver dragon skeletons
  25 vault guards (Vaults:5)
  2 ogre magi (Vaults:5)
  3 spriggan air magi
  8 ironbound frosthearts
  5 catoblepae
  A hell beast (Depths:1)
  4 merfolk aquamancers
  6 hydras
  A merfolk avatar (Shoals:2)
  8 anacondas
  3 death knights
  8 two-headed ogres
  An alligator snapping turtle (Shoals:2)
  A satyr (Shoals:4)
  3 boulder beetles
  27 dancing weapons
  4 centaur warriors
  13 death yaks
  16 naga warriors
  7 deep troll earth magi
  4 deep troll shamans
  8 naga sharpshooters
  13 tengu warriors
  2 thrashing horrors (Abyss:2)
  5 shock serpents
  6 spriggan berserkers
  6 vampire magi
  2 occultists
  An orc high priest (Orc:2)
  Sonja (Lair:3)
  19 deep elf knights
  4 soul eaters
  Urug (Lair:3)
  Nergalle (Lair:1)
  Amaemon (Lair:1)
  A skyshark (shapeshifter) (Elf:2)
  8 hell knights
  5 skysharks
  11 sun demons
  2 iron trolls
  A fire crab (shapeshifter) (Depths:3)
  4 wretched stars (Abyss:2)
  A shadow demon (Depths:1)
  45 skeletal warriors
  A bunyip zombie (Crypt:1)
  A sixfirhy (Abyss:2)
  3 salamander mystics
  4 shadow wraiths
  5 naga ritualists
  An anaconda zombie (Crypt:2)
  A quicksilver dragon simulacrum (Zot:4)
  7 glowing orange brains
  18 sea snakes
  13 deep elf archers
  9 mana vipers
  64 deep trolls
  5 flayed ghosts
  9 phantasmal warriors
  5 arcanists
  An obsidian statue (D:12)
  A glowing orange brain (shapeshifter) (D:15)
  28 harpies
  An orange crystal statue (D:12)
  7 bog bodies
  25 deep elf zephyrmancers
  12 necromancers
  8 ironbound convokers
  10 lindwurms
  An orb spider (Zot:2)
  17 deep elf pyromancers
  3 large abominations (Abyss:2)
  14 orc knights
  A tengu skeleton (Vaults:3)
  2 shadow dragon skeletons
  2 stone giant zombies
  5 cyclopes
  A worldbinder (Abyss:2)
  31 ugly things
  14 fauns
  13 manticores
  12 shining eyes
  An oklob plant (Orc:1)
  10 salamanders
  3 orc sorcerers
  A centaur zombie (Crypt:2)
  An iron dragon skeleton (Crypt:2)
  A faun (shapeshifter) (Depths:2)
  8 elephants
  2 frost giant skeletons
  19 vault sentinels
  10 merfolk sirens
  8 guardian serpents
  3 stone giant skeletons
  A titan simulacrum (Vaults:5)
  36 black mambas
  13 naga magi
  20 moths of wrath
  An ice statue (IceCv)
  A shock serpent zombie (Crypt:1)
  A death yak zombie (Crypt:2)
  3 human skeletons
  2 kobold blastminers (Orc:1)
  A catoblepas zombie (Crypt:1)
  A torpor snail (Lair:5)
  12 water nymphs
  An orange demon (Lair:1)
  A storm dragon simulacrum (Zot:4)
  2 red draconian zombies (Crypt:2)
  17 cane toads
  A smoke demon (Abyss:2)
  4 eyes of devastation
  3 centaur skeletons
  A swamp worm zombie (Crypt:2)
  An unseen horror (Abyss:2)
  A hellion (Depths:1)
  7 freezing wraiths
  2 kobold demonologists
  3 rime drakes
  14 ice devils (IceCv)
  4 komodo dragons
  2 tormentors
  2 tengu conjurers
  A yaktaur (shapeshifter) (Depths:2)
  2 anaconda simulacra
  2 efreet
  A yaktaur skeleton (Vaults:3)
  A bunyip simulacrum (Crypt:2)
  30 yaktaurs
  A harpy zombie (Crypt:2)
  4 red devils
  A tengu simulacrum (Vaults:1)
  8 merfolk
  9 trolls
  An iron troll skeleton (Crypt:1)
  9 wind drakes
  3 glass eyes
  2 polar bears (Lair:5)
  6 hornets
  A harpy skeleton (Crypt:2)
  Grinder (Sewer)
  A draconian simulacrum (Zot:4)
  An ettin zombie (Vaults:3)
  6 dream sheep
  91 slime creatures
  11 snapping turtles
  Sigmund (D:2)
  6 spriggans
  24 water elementals
  5 ynoxinuls
  3 dire elephant simulacra
  3 shadows (Crypt:3)
  13 air elementals
  5 hogs (D:14)
  An alligator snapping turtle simulacrum (Crypt:3)
  13 wraiths
  A vampire (D:11)
  4 wyverns
  32 yaks
  A human (shapeshifter) (D:13)
  Grum (Lair:1)
  6 basilisks
  A human (D:9)
  10 wargs
  2 death yak simulacra (IceCv)
  13 golden eyes
  A fire elemental (Elf:2)
  A steam dragon (D:6)
  18 vampire mosquitoes
  A tyrant leech zombie (Crypt:2)
  3 elf skeletons (Vaults:3)
  A neqoxec (Abyss:2)
  A swamp worm (shapeshifter) (Vaults:5)
  2 harpy simulacra
  7 small abominations
  38 nagas
  A naga zombie (Crypt:1)
  A glowing shapeshifter zombie (Vaults:5)
  A chaos spawn (Abyss:2)
  2 acid dragons
  6 water moccasins
  2 hydra simulacra (IceCv)
  A glowing shapeshifter skeleton (Vaults:3)
  A moth of wrath simulacrum (Zot:4)
  29 orc warriors
  An ice beast (D:4)
  3 sky beasts (D:6)
  2 black bears
  51 laughing skulls
  11 ogres
  A swamp dragon skeleton (Crypt:1)
  6 centaurs
  A hog zombie (Crypt:1)
  22 wolves
  3 phantoms
  2 weeping skulls (Abyss:2)
  10 kobold brigands
  5 human zombies
  2 brain worms (Abyss:2)
  10 bullfrogs
  A human simulacrum (Vaults:5)
  6 cane toad simulacra
  3 scorpions
  4 burial acolytes (Crypt:3)
  An earth elemental (Elf:2)
  4 elephant simulacra (IceCv)
  7 killer bees (D:9)
  5 electric eels
  3 howler monkeys
  A bombardier beetle (D:6)
  2 jellies
  3 hounds
  2 gnoll boudas
  21 orc priests
  An iron imp (Abyss:2)
  3 iguanas
  2 sleepcaps
  Jessica (D:3)
  30 orc wizards
  9 hell rats
  5 polar bear simulacra
  3 spriggan simulacra (Orc:2)
  5 wolf simulacra (IceCv)
  An ogre zombie (Crypt:1)
  A crocodile skeleton (Sewer)
  14 gnolls
  23 adders
  7 naga simulacra
  3 shadow imps
  2 white imps
  7 ufetubi
  An adder zombie (Sewer)
  2 ribbon worms (D:2)
  3 dart slugs
  87 orcs
  3 ball pythons
  A bat zombie (Sewer)
  5 endoplasms
  3 giant cockroaches
  14 goblins
  8 hobgoblins
  4 jackals (D:2)
  30 kobolds
  6 quokkas
  7 bats
  6 frilled lizards
  A hobgoblin skeleton (Crypt:1)
  A jackal skeleton (Crypt:1)
  A jackal zombie (Crypt:1)
  2 kobold zombies (Sewer)
  An orc skeleton (Crypt:1)
  9 rats
  A rat skeleton (Crypt:1)
  3 aspiring fleshes
  19 fire vortices
  3 starspawn tentacles (Abyss:2)
2487 creatures vanquished.

Vanquished Creatures (collateral kills)
  An Orb Guardian (Zot:5)
  A death cob (Zot:1)
  3 acid blobs
  2 storm dragons
  A ghost moth (Zot:2)
  2 vault wardens (Vaults:5)
  A draconian annihilator (Zot:2)
  A stone giant (Vaults:5)
  A green draconian (Zot:5)
  A black draconian (Zot:3)
  3 yellow draconians
  An ettin (Vaults:5)
  An orc knight (Vaults:5)
  3 slime creatures
22 creatures vanquished.

Vanquished Creatures (others)
  A draconian knight (Zot:3)
  A black mamba (Snake:4)
  A gnoll (D:5)
  225 fire vortices
  A starspawn tentacle (Abyss:2)
229 creatures vanquished.

Grand Total: 2738 creatures vanquished

Notes
Turn   | Place    | Note
-------+----------+-------------------------------------------
     0 | D:1      | CougarLife the Gargoyle Earth Elementalist began the quest
                  | for the Orb.
     0 | D:1      | Reached XP level 1. HP: 10/10 MP: 3/3
   135 | D:1      | Reached XP level 2. HP: 11/15 MP: 1/5
   271 | D:1      | Reached skill level 4 in Earth Magic
   380 | D:1      | Reached XP level 3. HP: 19/19 MP: 3/6
   941 | D:1      | Reached XP level 4. HP: 24/24 MP: 6/8
  1307 | D:1      | Learned a level 3 spell: Stone Arrow
  1815 | D:2      | Found an iron altar of Okawaru.
  2046 | D:2      | Reached XP level 5. HP: 28/28 MP: 7/9
  2053 | D:2      | Noticed Sigmund
  2126 | D:2      | Killed Sigmund
  2127 | D:2      | Reached skill level 5 in Earth Magic
  2127 | D:2      | Reached XP level 6. HP: 9/32 MP: 4/11
  3355 | D:3      | Noticed Jessica
  3360 | D:3      | Killed Jessica
  3619 | D:4      | Reached skill level 6 in Earth Magic
  3657 | D:4      | Reached XP level 7. HP: 36/36 MP: 11/13
  4037 | D:4      | Found an ornate altar of the Wu Jian Council.
  4076 | D:4      | Reached skill level 5 in Conjurations
  4218 | D:5      | Entered Level 5 of the Dungeon
  4404 | D:5      | Found a staircase to the Ecumenical Temple.
  4430 | Temple   | Entered the Ecumenical Temple
  4511 | Temple   | Became a worshipper of Vehumet
  4764 | D:5      | Found an ancient bone altar of Kikubaaqudgha.
  4775 | D:5      | Found Elos's Armour Emporium.
  4810 | D:5      | Reached skill level 5 in Spellcasting
  4810 | D:5      | Reached skill level 7 in Earth Magic
  4810 | D:5      | Reached XP level 8. HP: 41/41 MP: 12/15
  4952 | D:5      | Found a hide-covered altar of Uskayaw.
  5325 | D:6      | Noticed a manticore
  5393 | D:6      | Reached skill level 8 in Earth Magic
  5393 | D:6      | Reached * piety under Vehumet
  5393 | D:6      | Offered knowledge of Foxfire by Vehumet.
  5580 | D:6      | Found Wofitona's Antique Armour Emporium.
  5629 | D:6      | Reached XP level 9. HP: 45/45 MP: 12/18
  5667 | D:6      | Found a glowing drain.
  5677 | Sewer    | Entered a sewer
  5859 | Sewer    | Found an ancient bone altar of Kikubaaqudgha.
  5867 | Sewer    | Reached ** piety under Vehumet
  5867 | Sewer    | Offered knowledge of Momentum Strike by Vehumet.
  6013 | Sewer    | Noticed Grinder
  6024 | Sewer    | Killed Grinder
  6025 | Sewer    | Reached skill level 9 in Earth Magic
  6639 | D:6      | Offered knowledge of Scorch by Vehumet.
  6668 | D:6      | Killed a manticore
  7202 | D:7      | Reached skill level 10 in Earth Magic
  7728 | D:7      | Reached XP level 10. HP: 50/50 MP: 16/21
  7803 | D:7      | Reached *** piety under Vehumet
  8387 | D:8      | Identified the +9 dagger of a bazaar {drain, rC- Int+5}
  8479 | D:8      | Found a basalt altar of Yredelemnul.
  8523 | D:8      | Offered knowledge of Volatile Blastmotes by Vehumet.
  8635 | D:8      | Reached skill level 11 in Earth Magic
  9278 | D:8      | Found a staircase to the Lair.
  9382 | D:9      | Found a flagged portal.
  9399 | Bailey   | Entered a bailey
  9435 | Bailey   | Reached skill level 10 in Conjurations
  9442 | Bailey   | Reached **** piety under Vehumet
  9817 | Bailey   | Found an iron altar of Okawaru.
  9827 | Bailey   | Identified the +0 helmet "Sorch" {*Corrode Regen+ Str+6}
  9948 | D:9      | Found Cilol's Weapon Emporium.
  9960 | D:9      | Reached XP level 11. HP: 53/54 MP: 24/24
 10067 | D:9      | Offered knowledge of Freezing Cloud by Vehumet.
 10081 | D:9      | Learned a level 5 spell: Freezing Cloud
 10140 | D:9      | Noticed a two-headed ogre
 10333 | D:9      | Reached skill level 1 in Air Magic
 10334 | D:9      | Killed a two-headed ogre
 10335 | D:9      | Reached skill level 1 in Fighting
 10535 | D:9      | Found a staircase to the Orcish Mines.
 10538 | D:9      | Reached skill level 12 in Earth Magic
 11246 | D:10     | Entered Level 10 of the Dungeon
 11352 | D:10     | Found a transporter.
 11352 | D:10     | Noticed a two-headed ogre
 11356 | D:10     | Noticed DimondSprtn's ghost (novice MDFE)
 11356 | D:10     | Noticed a deep elf pyromancer
 11362 | D:10     | Found a transporter.
 11443 | D:10     | Found a shadowy altar of Dithmenos.
 11500 | D:10     | Noticed Fannar
 13236 | D:11     | Found a large runed translucent door.
 13236 | D:11     | Found a large runed translucent door.
 13241 | D:11     | Noticed CougarLife's ghost (journeyman GrEE)
 13267 | D:11     | Noticed a two-headed ogre
 13270 | D:11     | Killed a two-headed ogre
 13271 | D:11     | Noticed a manticore
 13276 | D:11     | Killed a manticore
 13483 | D:11     | Reached XP level 12. HP: 67/67 MP: 18/25
 13596 | D:11     | Reached skill level 10 in Spellcasting
 14290 | Lair:1   | Entered Level 1 of the Lair of Beasts
 14300 | Lair:1   | Reached skill level 5 in Fighting
 14366 | Lair:1   | Reached skill level 13 in Earth Magic
 14367 | Lair:1   | Reached ***** piety under Vehumet
 14482 | Lair:1   | Noticed a death yak
 14482 | Lair:1   | Noticed a death yak
 14482 | Lair:1   | Noticed a death yak
 14492 | Lair:1   | Noticed a death yak
 14761 | Lair:1   | Offered knowledge of Plasma Beam by Vehumet.
 14796 | Lair:1   | Learned a level 6 spell: Plasma Beam
 14799 | Lair:1   | Noticed Grum
 14801 | Lair:1   | Killed Grum
 15263 | Lair:1   | Noticed Amaemon
 15271 | Lair:1   | Killed Amaemon
 15346 | Lair:1   | Noticed Nergalle
 15354 | Lair:1   | Killed Nergalle
 15659 | Lair:1   | Killed a death yak
 15660 | Lair:1   | Reached skill level 1 in Fire Magic
 15664 | Lair:1   | Killed a death yak
 15671 | Lair:1   | Killed a death yak
 15684 | Lair:1   | Killed a death yak
 16770 | Lair:2   | Found a staircase to the Snake Pit.
 16775 | Lair:2   | Reached skill level 14 in Earth Magic
 16775 | Lair:2   | Reached XP level 13. HP: 76/76 MP: 13/27
 16777 | Lair:2   | Reached skill level 1 in Shields
 17706 | Lair:3   | Found a staircase to the Shoals.
 18011 | Lair:3   | Noticed Urug
 18017 | Lair:3   | Killed Urug
 18236 | Lair:3   | Noticed Sonja
 18242 | Lair:3   | Killed Sonja
 18792 | Lair:3   | Found a large runed translucent door.
 18792 | Lair:3   | Found a large runed translucent door.
 18795 | Lair:3   | Noticed Zenwuu's ghost (adept TeAE)
 19236 | D:6      | Bought the +3 warlock's mirror {omnireflect} for 1040 gold
                  | pieces
 19236 | D:6      | Found the +3 warlock's mirror {omnireflect}
 19735 | Lair:4   | Found a runed translucent door.
 19737 | Lair:4   | Noticed Hoaki's ghost (journeyman HONe)
 19784 | Lair:4   | Reached skill level 5 in Fire Magic
 19985 | Lair:4   | Found the +3 hat of Pondering {ponderous, Will+ MP+10
                  | Int+5}
 20451 | Lair:4   | Reached skill level 5 in Shields
 20760 | Lair:4   | Found a staircase to the Slime Pits.
 20760 | Lair:4   | Found a viscous altar of Jiyva.
 21137 | Lair:5   | Entered Level 5 of the Lair of Beasts
 21505 | Lair:5   | Gained mutation: Your large and strong wings let you fly.
                  | [Gargoyle growth]
 21505 | Lair:5   | Reached XP level 14. HP: 84/84 MP: 29/29
 21692 | Lair:5   | Identified the +2 robe of the Skies Above {rElec Int+3}
 23152 | Lair:5   | Noticed a dire elephant
 23167 | Lair:5   | Killed a dire elephant
 23303 | Lair:5   | Identified the ring "Bankuh" {Ice Int+5}
 23913 | D:12     | Reached skill level 15 in Earth Magic
 24418 | D:12     | Offered knowledge of Starburst by Vehumet.
 24426 | D:12     | Learned a level 6 spell: Starburst
 24844 | D:12     | Found the +3 greatsling "Punk" {acid, rCorr}
 25119 | Orc:1    | Entered Level 1 of the Orcish Mines
 25998 | Orc:2    | Entered Level 2 of the Orcish Mines
 26310 | Orc:2    | Found a frozen archway.
 26323 | Orc:2    | Found a staircase to the Elven Halls.
 26325 | IceCv    | Entered an ice cave
 26932 | IceCv    | Found an ancient bone altar of Kikubaaqudgha.
 26940 | IceCv    | Reached XP level 15. HP: 71/91 MP: 24/31
 27432 | IceCv    | Offered knowledge of Conjure Ball Lightning by Vehumet.
 28327 | Orc:2    | Noticed an orc warlord
 28340 | Orc:2    | Killed an orc warlord
 28765 | Orc:2    | Found a roughly hewn altar of Beogh.
 28849 | Orc:2    | Found Ehah's Jewellery Shoppe.
 28864 | Orc:2    | Found Seogamm's Antique Weapon Shoppe.
 28880 | Orc:2    | Found Syufeor's Antique Armour Shoppe.
 28897 | Orc:2    | Found Biofit's General Store.
 28904 | Orc:2    | Bought a scroll of identify for 22 gold pieces
 28904 | Orc:2    | Bought a scroll of fear for 44 gold pieces
 28904 | Orc:2    | Bought a scroll of teleportation for 33 gold pieces
 29926 | D:10     | Killed Fannar
 31112 | D:13     | Offered knowledge of Lee's Rapid Deconstruction by Vehumet.
 31122 | D:13     | Learned a level 5 spell: Lee's Rapid Deconstruction
 31582 | D:13     | Found a gate to the Vaults.
 31760 | D:14     | Reached skill level 10 in Fighting
 32423 | D:14     | Reached skill level 10 in Shields
 32662 | D:14     | Noticed Kirke
 32663 | D:14     | Kirke changed into Kirke the hog
 32663 | D:14     | Noticed Kirke
 32664 | D:14     | Killed Kirke the hog
 33107 | D:15     | Entered Level 15 of the Dungeon
 33181 | D:15     | Reached skill level 10 in Fire Magic
 33322 | Abyss:2  | Found a corrupted altar of Lugonu.
 33322 | Abyss:2  | Cast into level 2 of the Abyss (an occultist)
 33349 | Abyss:2  | Found a corrupted altar of Lugonu.
 33376 | Abyss:2  | Noticed a tentacled starspawn
 33382 | Abyss:2  | Killed a tentacled starspawn
 33384 | D:15     | Escaped the Abyss
 33744 | D:15     | Reached XP level 16. HP: 98/98 MP: 32/32
 34636 | D:15     | Reached skill level 16 in Earth Magic
 34836 | D:15     | Found a staircase to the Depths.
 35285 | Shoals:1 | Entered Level 1 of the Shoals
 35793 | Shoals:1 | Offered knowledge of Eringya's Noxious Bog by Vehumet.
 38097 | Shoals:2 | Noticed Polyphemus
 38111 | Shoals:2 | Killed Polyphemus
 38493 | Shoals:2 | Got Ciuqificw's Parchment of the Pyromaniac
 39366 | Shoals:3 | Reached skill level 15 in Conjurations
 39366 | Shoals:3 | Reached XP level 17. HP: 99/104 MP: 34/34
 40553 | Shoals:4 | Entered Level 4 of the Shoals
 40696 | Shoals:4 | Paralysed by an air elemental for 1 turns
 41246 | Shoals:4 | Identified the +7 broad axe of the Sea {protect, Int+3}
 41683 | Shoals:4 | Offered knowledge of Orb of Destruction by Vehumet.
 41860 | Shoals:4 | Paralysed by an air elemental for 1 turns
 42773 | Shoals:4 | Reached skill level 17 in Earth Magic
 43618 | Shoals:4 | Identified the staff of Rotation {MP-9 Int+5 Summ Earth}
 43629 | Shoals:4 | Got a barnacled rune of Zot
 43825 | Snake:1  | Entered Level 1 of the Snake Pit
 44275 | Snake:1  | Identified a scroll of acquirement
 44276 | Snake:1  | Acquired the staff of Checks and Balances {rC+ SInv Conj}
 45643 | Snake:2  | Noticed Donald
 46048 | Snake:2  | Reached XP level 18. HP: 104/112 MP: 20/35
 46211 | Snake:1  | Killed Donald
 47253 | Snake:3  | Offered knowledge of Maxwell's Capacitive Coupling by
                  | Vehumet.
 49086 | Snake:4  | Entered Level 4 of the Snake Pit
 50454 | Snake:4  | Found Pinkauh's Book Shop.
 50455 | Snake:4  | Found Cexin's Jewellery Emporium.
 50457 | Snake:4  | Found Yjarri's Book Shop.
 50470 | Snake:4  | Bought Sif Muna's Volume of Productive Arson for 476 gold
                  | pieces
 51383 | Snake:4  | Reached skill level 18 in Earth Magic
 51763 | Snake:4  | Got a serpentine rune of Zot
 51823 | Snake:4  | Identified the blade talisman "Ceroabb" {rElec rPois Int-3
                  | Dex+4}
 51845 | Snake:4  | Reached skill level 15 in Fire Magic
 52134 | Snake:4  | Reached XP level 19. HP: 81/120 MP: 32/37
 52708 | Snake:4  | Reached ****** piety under Vehumet
 53526 | Elf:1    | Entered Level 1 of the Elven Halls
 53670 | Elf:1    | Learned a level 8 spell: Ignition
 53948 | Elf:1    | Offered knowledge of Lehudib's Crystal Spear by Vehumet.
 53948 | Elf:1    | Offered knowledge of Shatter by Vehumet.
 53948 | Elf:1    | Offered knowledge of Polar Vortex by Vehumet.
 54180 | Elf:1    | Learned a level 8 spell: Lehudib's Crystal Spear
 55714 | Elf:2    | Found a shimmering blue altar of Sif Muna.
 55817 | Elf:2    | Paralysed by an air elemental for 1 turns
 56223 | Elf:2    | Identified the +0 pair of gloves of Jenguoq {+Blink Regen+}
 56760 | Elf:2    | Found a huge runed translucent gate.
 56760 | Elf:2    | Found a huge runed translucent gate.
 56760 | Elf:2    | Found a huge runed translucent gate.
 56762 | Elf:2    | Found a huge runed translucent gate.
 56762 | Elf:2    | Found a huge runed translucent gate.
 56762 | Elf:2    | Found a huge runed translucent gate.
 56762 | Elf:2    | Found a huge runed translucent gate.
 56762 | Elf:2    | Found a huge runed translucent gate.
 56762 | Elf:2    | Found a huge runed translucent gate.
 56763 | Elf:2    | Found a huge runed translucent gate.
 56764 | Elf:2    | Found a huge runed translucent gate.
 56764 | Elf:2    | Found a huge runed translucent gate.
 56764 | Elf:2    | Found a huge runed translucent gate.
 56766 | Elf:2    | Found a huge runed translucent gate.
 56767 | Elf:2    | Found a huge runed translucent gate.
 56768 | Elf:2    | Found a huge runed translucent gate.
 56768 | Elf:2    | Found a huge runed translucent gate.
 56770 | Elf:2    | Found a huge runed translucent gate.
 56771 | Elf:2    | Found a huge runed translucent gate.
 56772 | Elf:2    | Found a huge runed translucent gate.
 56773 | Elf:2    | Found a huge runed translucent gate.
 56773 | Elf:2    | Found a huge runed translucent gate.
 56775 | Elf:2    | Found a huge runed translucent gate.
 56778 | Elf:2    | Found a huge runed translucent gate.
 56779 | Elf:2    | Found a huge runed translucent gate.
 56779 | Elf:2    | Found a huge runed translucent gate.
 56781 | Elf:2    | Found a huge runed translucent gate.
 56782 | Elf:2    | Found a huge runed translucent gate.
 56783 | Elf:2    | Found a huge runed translucent gate.
 56784 | Elf:2    | Found a huge runed translucent gate.
 56784 | Elf:2    | Found a huge runed translucent gate.
 56802 | Elf:2    | Found a huge runed translucent gate.
 56803 | Elf:2    | Found a huge runed translucent gate.
 56804 | Elf:2    | Found a huge runed translucent gate.
 56805 | Elf:2    | Found a huge runed translucent gate.
 56806 | Elf:2    | Found a huge runed translucent gate.
 57038 | Elf:2    | Found a huge runed translucent gate.
 57038 | Elf:2    | Found a huge runed translucent gate.
 57038 | Elf:2    | Found a huge runed translucent gate.
 57038 | Elf:2    | Found a huge runed translucent gate.
 57038 | Elf:2    | Found a huge runed translucent gate.
 57458 | Elf:3    | Entered Level 3 of the Elven Halls
 57575 | Elf:3    | Found Doxzoh's General Store.
 57578 | Elf:3    | Found Anyraum's Book Shop.
 57578 | Elf:3    | Found Lazxyts's Magic Scroll Boutique.
 57583 | Elf:3    | Bought a scroll of identify for 30 gold pieces
 57583 | Elf:3    | Bought a potion of cancellation for 120 gold pieces
 57600 | Elf:3    | Found Muskil's Armour Shop.
 57603 | Elf:3    | Bought a scroll of revelation for 120 gold pieces
 57603 | Elf:3    | Bought a scroll of identify for 32 gold pieces
 57603 | Elf:3    | Bought a scroll of identify for 32 gold pieces
 57603 | Elf:3    | Bought a scroll of identify for 32 gold pieces
 57603 | Elf:3    | Bought a scroll of identify for 32 gold pieces
 57914 | Elf:3    | Paralysed by an air elemental for 1 turns
 57920 | Elf:3    | Reached skill level 15 in Spellcasting
 58156 | Elf:3    | Reached skill level 19 in Earth Magic
 58410 | Elf:3    | Reached XP level 20. HP: 96/128 MP: 38/39
 58596 | Elf:3    | Identified the +1 acid dragon scales of Card Tricks {rF+++
                  | Regen+ rCorr} (You took it off a deep elf death mage on
                  | level 3 of the Elven Halls)
 58708 | Elf:3    | Identified the +9 short sword "Ridiel" {speed, *Slow Int+4
                  | Dex+4}
 59280 | Elf:3    | Identified the staff of Harmony {+Blink rN+ Necro}
 59563 | Elf:3    | Identified the +5 acid dragon scales "Eseivema" {rF+ rCorr
                  | Str-3 Int+2}
 59639 | Elf:3    | Reached skill level 15 in Fighting
 59871 | Elf:3    | Got Sif Muna's Papyrus of Fascination
 59896 | Elf:3    | Got the Tome of Nonlocality
 59913 | Elf:3    | Identified the staff of the Keeping Firefly {rN+ Necro Air}
 61522 | Vaults:1 | Entered Level 1 of the Vaults
 63098 | Vaults:1 | Reached XP level 21. HP: 135/135 MP: 40/40
 63437 | Vaults:1 | Reached skill level 20 in Earth Magic
 67041 | Vaults:3 | Noticed Mara
 67044 | Vaults:3 | Noticed CougarLife's illusion
 67049 | Vaults:3 | Killed Mara
 68063 | Vaults:3 | Noticed Bai Suzhen
 68068 | Vaults:3 | Killed Bai Suzhen
 68846 | Vaults:3 | Found a staircase to the Crypt.
 69293 | Vaults:4 | Reached XP level 22. HP: 139/144 MP: 13/42
 69497 | Vaults:4 | Found Xakluoff's General Store.
 70277 | Vaults:4 | Reached skill level 21 in Earth Magic
 70534 | Vaults:4 | Identified the +5 arbalest of Raazoja {penet, Will- rCorr
                  | Stlth+}
 71294 | Vaults:4 | Learned a level 9 spell: Shatter
 71442 | Crypt:1  | Entered Level 1 of the Crypt
 73519 | Crypt:2  | Reached skill level 1 in Armour
 74712 | Crypt:3  | Entered Level 3 of the Crypt
 75088 | Crypt:3  | Found an ancient bone altar of Kikubaaqudgha.
 75501 | Crypt:3  | Noticed a profane servitor
 75505 | Crypt:3  | Killed a profane servitor
 75506 | Crypt:3  | Reached XP level 23. HP: 150/150 MP: 30/44
 75868 | Crypt:3  | Reached skill level 5 in Armour
 76773 | Crypt:3  | Identified the staff "Verir" {^Fragile rElec Str+4 Air
                  | Earth}
 76933 | Crypt:3  | Identified the +2 plate armour of Prudence {Str+3}
 77006 | Crypt:3  | Found a staircase to the Tomb.
 77840 | Depths:1 | Entered Level 1 of the Depths
 78295 | Depths:1 | Found Ivvi's Armour Shoppe.
 78398 | Depths:1 | Found a gateway to Hell.
 78554 | Depths:1 | Gained mutation: Armour fits poorly on your strangely
                  | shaped body. [a shining eye]
 78612 | Depths:1 | Lost mutation: Armour fits poorly on your strangely shaped
                  | body. [potion of mutation]
 78612 | Depths:1 | Gained mutation: You are partially covered in iridescent
                  | scales. (AC +2) [potion of mutation]
 78612 | Depths:1 | Gained mutation: You are dopey. (Int -2) [potion of
                  | mutation]
 78612 | Depths:1 | Gained mutation: Your magical capacity is low. (-10% MP)
                  | [potion of mutation]
 78612 | Depths:1 | Gained mutation: You are mostly covered in iridescent
                  | scales. (AC +4) [potion of mutation]
 78613 | Depths:1 | Lost mutation: Your magical capacity is low. (-10% MP)
                  | [potion of mutation]
 78613 | Depths:1 | Lost mutation: You are mostly covered in iridescent scales.
                  | (AC +4) [potion of mutation]
 78613 | Depths:1 | Lost mutation: You are dopey. (Int -2) [potion of mutation]
 78613 | Depths:1 | Gained mutation: You have supernaturally acute eyesight.
                  | (SInv) [potion of mutation]
 78613 | Depths:1 | Gained mutation: You are agile. (Dex +4, Str/Int -1)
                  | [potion of mutation]
 78613 | Depths:1 | Gained mutation: You do not regenerate when monsters are
                  | visible. [potion of mutation]
 78613 | Depths:1 | Gained mutation: You have a somewhat thin skeletal
                  | structure. (Dex +2, Stealth+) [potion of mutation]
 79285 | Depths:1 | Identified the +5 sling of a Labyrinth {drain, rC+ Int+5}
 79441 | Depths:1 | Found a corrupted altar of Lugonu.
 79441 | Depths:1 | Found a one-way gate to the infinite horrors of the Abyss.
 80291 | Depths:2 | Reached skill level 22 in Earth Magic
 80619 | Depths:2 | Noticed a caustic shrike
 80630 | Depths:1 | Killed a caustic shrike
 81065 | Depths:1 | Lost mutation: You have supernaturally acute eyesight.
                  | (SInv) [potion of mutation]
 81065 | Depths:1 | Lost mutation: You are partially covered in iridescent
                  | scales. (AC +2) [potion of mutation]
 81065 | Depths:1 | Lost mutation: You do not regenerate when monsters are
                  | visible. [potion of mutation]
 81065 | Depths:1 | Gained mutation: You are robust. (+10% HP) [potion of
                  | mutation]
 81065 | Depths:1 | Gained mutation: You passively dampen the noise of your
                  | surroundings. [potion of mutation]
 81102 | Depths:2 | Noticed the Enchantress
 81121 | Depths:2 | Killed the Enchantress
 81397 | Depths:2 | Reached XP level 24. HP: 152/173 MP: 7/44
 81938 | Depths:2 | Found a one-way gate leading to the halls of Pandemonium.
 83170 | Depths:3 | Reached skill level 10 in Armour
 83357 | Depths:3 | Found Gozag's Antique Weapon Shoppe.
 83363 | Depths:3 | Found Gozag's Antique Armour Shoppe.
 83363 | Depths:3 | Found an opulent altar of Gozag.
 83364 | Depths:3 | Found Gozag's Antique Armour Emporium.
 84002 | Depths:3 | Identified the +10 morningstar of Karma {freeze, Str-3
                  | Int+3 Stlth+}
 84324 | Depths:3 | Found a one-way gateway to a ziggurat.
 84337 | Depths:3 | Found an ornate altar of the Wu Jian Council.
 84388 | Depths:3 | Found a broken altar of Ashenzari.
 85065 | Depths:4 | Entered Level 4 of the Depths
 85684 | Depths:4 | Found a gate to the Realm of Zot.
 86283 | Depths:4 | Noticed Jory
 86289 | Depths:4 | Killed Jory
 86395 | Depths:4 | Found a hide-covered altar of Uskayaw.
 87610 | Depths:4 | Reached XP level 25. HP: 181/181 MP: 45/45
 88316 | D:12     | Learned a level 9 spell: Fire Storm
 88616 | Vaults:5 | Entered Level 5 of the Vaults
 88619 | Vaults:5 | Reached skill level 23 in Earth Magic
 88637 | Vaults:5 | Noticed a dread lich
 88637 | Vaults:5 | Killed a dread lich
 89061 | Vaults:5 | Noticed Mennas
 89092 | Vaults:5 | Killed Mennas
 89588 | Vaults:5 | Noticed an ancient lich
 89593 | Vaults:5 | Killed an ancient lich
 90091 | Vaults:5 | Got Deiwiperph's Anthology of Dislocated Toxicants
 90384 | Vaults:5 | Got a silver rune of Zot
 91047 | Vaults:5 | Identified the +2 chain mail "Yhuwuit" {rPois Regen+
                  | Slay+3}
 91124 | Vaults:5 | Reached XP level 26. HP: 190/190 MP: 45/45
 91168 | Vaults:5 | Noticed a dread lich
 91173 | Vaults:5 | Killed a dread lich
 91971 | Slime:1  | Entered Level 1 of the Pits of Slime
 95376 | Slime:5  | Entered Level 5 of the Pits of Slime
 95575 | Slime:5  | Found the +4 skin of Zhor {*Englaciate rC+++ SInv}
 95841 | Slime:5  | Noticed the Royal Jelly
 95844 | Slime:5  | Killed the Royal Jelly
 95845 | Slime:5  | Reached skill level 24 in Earth Magic
 96028 | Slime:5  | Identified the ring "Hidayrik" {Fly rF+ Will++ Slay+3}
 96030 | Slime:5  | Identified the +2 hand axe "Heshrotu" {flame, rF++ Int+7}
 96151 | Slime:5  | Found the +6 lightning scales {swift, rElec}
 96165 | Slime:5  | Got a slimy rune of Zot
 96256 | Slime:5  | Identified the +4 scale mail of Wakh {rElec Str+2}
 97288 | Depths:4 | Upgraded the game from 0.32-a0-361-g289a535e89 to
                  | 0.32-a0-391-gce5c0aab1b
 97297 | Zot:1    | Entered Level 1 of the Realm of Zot
 99255 | Zot:2    | Found a runed translucent door.
 99256 | Zot:2    | Noticed Vytzaeja's ghost (veteran OnBe)
 99947 | Zot:2    | Reached skill level 5 in Air Magic
100463 | Zot:2    | Reached XP level 27. HP: 181/198 MP: 42/46
101440 | Zot:3    | Identified the amulet of the Final Decision {Spirit rF+
                  | Regen+}
101515 | Zot:3    | Found a runed translucent gate.
101516 | Zot:3    | Found a runed translucent gate.
101516 | Zot:3    | Noticed Qephaces's ghost (veteran GnGl)
101517 | Zot:3    | Found a runed translucent gate.
103206 | Zot:4    | Identified the ring "Bucuesoc" {Ice Int+4}
103206 | Zot:4    | Noticed Josephina
103209 | Zot:4    | Killed Josephina
103210 | Zot:4    | Reached skill level 10 in Air Magic
103936 | Zot:5    | Entered Level 5 of the Realm of Zot
104857 | Zot:5    | Noticed a dread lich
104862 | Zot:5    | Killed a dread lich
105215 | Zot:5    | Noticed an orb of fire
105215 | Zot:5    | Noticed an orb of fire
105224 | Zot:5    | Killed an orb of fire
105227 | Zot:5    | Killed an orb of fire
105414 | Zot:5    | Noticed an orb of fire
105420 | Zot:5    | Noticed an orb of fire
105426 | Zot:5    | Killed an orb of fire
105428 | Zot:5    | Killed an orb of fire
105779 | Zot:5    | Noticed an orb of fire
105784 | Zot:5    | Gained mutation: You sometimes lose your temper in combat.
                  | [an orb of fire]
105785 | Zot:5    | Killed an orb of fire
105976 | Zot:5    | Noticed an orb of fire
105981 | Zot:5    | Gained mutation: Your spells are a little easier to cast,
                  | but a little less powerful. [an orb of fire]
105983 | Zot:5    | Killed an orb of fire
106126 | Zot:5    | Lost mutation: You passively dampen the noise of your
                  | surroundings. [potion of mutation]
106126 | Zot:5    | Lost mutation: You are agile. (Dex +4, Str/Int -1) [potion
                  | of mutation]
106126 | Zot:5    | Lost mutation: You are robust. (+10% HP) [potion of
                  | mutation]
106126 | Zot:5    | Gained mutation: Your mind is acute. (Int +4, Str/Dex -1)
                  | [potion of mutation]
106126 | Zot:5    | Gained mutation: You expend magic power (3 MP) to
                  | strengthen your wands. [potion of mutation]
106126 | Zot:5    | Gained mutation: You have hidden genetic defects. [potion
                  | of mutation]
106127 | Zot:5    | Lost mutation: You have hidden genetic defects. [potion of
                  | mutation]
106127 | Zot:5    | Lost mutation: You have a somewhat thin skeletal structure.
                  | (Dex +2, Stealth+) [potion of mutation]
106127 | Zot:5    | Lost mutation: Your mind is acute. (Int +4, Str/Dex -1)
                  | [potion of mutation]
106127 | Zot:5    | Gained mutation: You passively dampen the noise of your
                  | surroundings. [potion of mutation]
106127 | Zot:5    | Gained mutation: You are partially covered in iridescent
                  | scales. (AC +2) [potion of mutation]
106128 | Zot:5    | Lost mutation: You sometimes lose your temper in combat.
                  | [potion of mutation]
106128 | Zot:5    | Lost mutation: Your spells are a little easier to cast, but
                  | a little less powerful. [potion of mutation]
106128 | Zot:5    | Lost mutation: You expend magic power (3 MP) to strengthen
                  | your wands. [potion of mutation]
106128 | Zot:5    | Gained mutation: You are mostly covered in iridescent
                  | scales. (AC +4) [potion of mutation]
106750 | Zot:5    | Noticed an orb of fire
106753 | Zot:5    | Reached skill level 15 in Air Magic
106759 | Zot:5    | Gained mutation: You are clumsy. (Dex -2) [an orb of fire]
106760 | Zot:5    | Killed an orb of fire
106917 | Zot:5    | Noticed an orb of fire
106921 | Zot:5    | Killed an orb of fire
107470 | Zot:5    | Noticed an orb of fire
107473 | Zot:5    | Killed an orb of fire
107492 | Zot:5    | Noticed an orb of fire
107501 | Zot:5    | Killed an orb of fire
107965 | Depths:4 | Voluntarily entered the Abyss.
108509 | Depths:4 | Escaped the Abyss
108834 | Zot:5    | Got the Orb of Zot
109181 | D:15     | Noticed Abeacuco the pandemonium lord
109182 | D:15     | Killed Abeacuco the pandemonium lord
109497 | D:$      | Escaped with the Orb!

Illustrated notes

Levels and vault maps discovered:
D:1:      dpeg_arrival_circle_labyrinth_c, layout_loops_ring,
          serial_bayou_pond_a, dk_noncrumbling_3, minmay_distorted
D:2:      layout_loops_corners, basic_altar, uniq_sigmund
D:3:      layout_loops_ring, serial_aquarium, aquarium_bridge_straight
          [aquarium_subvault_bridge, aquarium_subvault_window,
          aquarium_subvault_bridge, aquarium_subvault_balcony],
          aquarium_window_corner, aquarium_window_1, aquarium_window_corridor_1,
          aquarium_view_2d, aquarium_balcony_double_3, uniq_jessica
D:4:      layout_rooms, marbit_many_paths, kennysheep_generic_room_16
D:5:      layout_rooms, kennysheep_mini, mainiacjoe_overflow_surrounded_room,
          minmay_temple_entry_mist, serial_shops, nicolae_square_shop
D:6:      minmay_clustersquares, layout_loops_corners, portal_sewer_entry_d,
          nicolae_wooded_promenade
D:7:      layout_gridville, st_stairs_3, dreamdust_princess_bridge
D:8:      layout_rooms, mainiacjoe_overflow_catwalk, erik_lair_dragon,
          einodemon_armed_red_devil_minivault
D:9:      layout_roguey, erik_orc_4, enter_bailey_5, serial_shops,
          nicolae_shop_trees
D:10:     layout_basic, nicolae_dithmenos_shadow_blocks, gammafunk_ghost_arena,
          nicolae_figureground_pulse, uniq_fannar
D:11:     layout_loops_corners, ebering_ghost_disaster_area
D:12:     layout_stronghold, minmay_more_statues
D:13:     layout_basic, david_vaults_4
D:14:     layout_roguey, serial_park_square1 [serial_park_minivault_5x5_2],
          uniq_kirke
D:15:     gammafunk_enter_depths_forms, layout_loops_ring, hangedman_aviary
Temple:   minmay_crystal_spiral_temple
Lair:1:   layout_roguey, grunt_megastairs_2, lemuel_fruit_tree,
          lemuel_fruit_fields, serial_bayou_shore_b,
          infiniplex_staircase_pool_2, uniq_nergalle, uniq_amaemon, uniq_grum
Lair:2:   layout_concentric_octagons, guppyfry_snake_entry_garden
Lair:3:   minmay_lair_venomous_thicket, layout_loops_ring,
          nicolae_shoals_entry_roost, ebering_ghost_disaster_area, uniq_sonja,
          uniq_urug
Lair:4:   layout_regular_city, slime_entry_1, gammafunk_ghost_grave,
          infiniplex_staircase_pool
Lair:5:   grunt_lair_end_beastmaster, layout_cave_pods
Shoals:1: layout_shoals, nicolae_shoals_stone_sculpture_thing
Shoals:2: layout_shoals, uniq_polyphemus
Shoals:3: layout_shoals, nicolae_shoals_lost_giant_pillars
Shoals:4: shoals_end_hellmonk_storm_palace [storm_palace_center_circular,
          storm_palace_corner_blocked, storm_palace_corner_grid,
          storm_palace_corner_reverse_hut, storm_palace_corner_grid]
Snake:1:  nrook_guardian_serpent_snake_passage, layout_rooms
Snake:2:  layout_misc_corridors, uniq_donald
Snake:3:  layout_chambers, nicolae_triple_integral, serial_bayou_shore_a,
          grunt_megastairs_4
Snake:4:  grunt_snake_rune_spirals, layout_onion, grunt_ministairs_7,
          minmay_shop_grove
Slime:1:  nicolae_slime_infinislime, layout_caves,
          nicolae_slime_getting_an_eyeful
Slime:2:  cheibrodos_slime_lost_civilization_10, layout_caves,
          nicolae_slime_welcoming_committee
Slime:3:  layout_caves
Slime:4:  layout_caves
Slime:5:  slime_pit_nicolae_inversion
Orc:1:    layout_caves, mines3_lemuel
Orc:2:    grunt_orc_cross, layout_diamond_mine,
          portal_ice_cave_entry_ice_simulacra
Elf:1:    layout_geoelf_diagonals, kennysheep_underground_church
Elf:2:    elven_hall_of_blades_hangedman_alternative [nicolae_blade_lattice],
          layout_loops_corners, basic_altar, door_vault
Elf:3:    elf_hall, layout_onion_city, minmay_shoptagon
Vaults:1: vaults_standard_mumra_x, vaults_mumra_chevron_long,
          nicolae_vaults_inception_scallops, nicolae_vaults_mitosis,
          nicolae_vaults_double_plus_1, nicolae_vaults_trapezoid_1,
          v_alt_pattern_5, vaults_room_door_hall,
          nicolae_vaults_network_periphery, nicolae_vaults_house_3,
          nicolae_vaults_tetromino_L_2, nicolae_vaults_trapezoid_layered,
          layout_vaults_omnibox
Vaults:2: ontoclasm_vaults_gateway, v_misc_13, nicolae_vaults_closet_pinwheel_3,
          v_misc_12, nicolae_vaults_disjoint_gnomons, v_misc_12, v_misc_14,
          nicolae_vaults_ninety_degrees, ontoclasm_vaults_idyll, v_pattern_2,
          nicolae_vaults_ring_of_whatevers, nicolae_vaults_tetromino_L_1,
          nicolae_vaults_tetromino_Z_1, layout_vaults_chaotic_city
Vaults:3: nicolae_vaults_tetromino_L_1, nicolae_vaults_three_branches,
          minmay_crypt_entry_skeletal_spiral, hangedman_vaults_variations,
          nicolae_vaults_windows_and_doors_thing, vaults_dpeg_emergency_exit,
          nicolae_vaults_tetromino_L_1, layout_vaults_omnigrid, uniq_bai_suzhen,
          uniq_mara
Vaults:4: hangedman_vaults_slice, hangedman_vaults_stream,
          nicolae_vaults_little_guard_posts, nicolae_vaults_yaktaur_gun_rack,
          nicolae_vaults_mini_display_case, hangedman_vaults_snaps, v_misc_23,
          ontoclasm_vaults_pinch, nicolae_vaults_wine_cellar, vaults_dpeg_cross,
          layout_vaults_omnicross, serial_shops, shop
Vaults:5: uniq_mennas
Crypt:1:  layout_catacombs, nicolae_crypt_little_mausoleum
Crypt:2:  layout_rooms, nicolae_crypt_soggy_tomb, item_on_display_a
Crypt:3:  grunt_crypt_end_deaths_head
Depths:1: layout_basic, abyss_entry_flame_altar,
          nicolae_hell_entry_hellmouth_sunbeams, serial_sigils,
          serial_sigils_hangedman_snap, serial_sigils_hangedman_carve,
          serial_sigils_hangedman_writhe, serial_sigils_hangedman_confine,
          serial_sigils_hangedman_gnaw, serial_shops, nicolae_square_shop,
          nrook_kobold_shadow_demons
Depths:2: minmay_the_grid_square_5x5_4x4_mashed
          [minmay_the_grid_square_5x5_minibox,
          minmay_the_grid_square_5x5_hourglass,
          minmay_the_grid_square_5x5_three_small,
          minmay_the_grid_square_5x5_gyroscope,
          minmay_the_grid_square_5x5_two_walls_a,
          minmay_the_grid_square_5x5_prize_waves,
          minmay_the_grid_square_5x5_prize_rear_guard,
          minmay_the_grid_square_5x5_z,
          minmay_the_grid_square_5x5_intrusive_squares,
          minmay_the_grid_square_5x5_prize_open,
          minmay_the_grid_square_5x5_prize_gold, minmay_the_grid_square_5x5_two,
          minmay_the_grid_square_5x5_broken_cross,
          minmay_the_grid_square_5x5_eight, minmay_the_grid_square_5x5_c,
          minmay_the_grid_square_5x5_shrine1], layout_gridlike, abyss_entry,
          dk_noncrumbling_4, hell_entry, rand_demon_pan_entry_7,
          minmay_staircase_bubble, uniq_enchantress
Depths:3: kennysheep_gozag_temple, layout_cave_pools, enter_ziggurat_f,
          lemuel_round_altar, nicolae_abyss_entry_one_way_or_another,
          rand_demon_pan_entry_5, hell_entry, nzn_wu_jian_council_hall
Depths:4: grunt_zot_entry_pinwheel, layout_basic, serial_glass, glass_columns_b,
          glass_columns_b, abyss_entry, hell_entry, dancing_weapons_uskayaw,
          grunt_megastairs_5, kennysheep_random_hallway, uniq_jory
Zot:1:    layout_cathedral_of_symmetry
Zot:2:    layout_cathedral_of_symmetry, gammafunk_ghost_grave,
          regret_index_zotdec_gossamer_parallel, zot_minivault_3
Zot:3:    layout_cathedral_of_symmetry, gammafunk_ghost_split,
          st_single_dragon_hoard_3
Zot:4:    layout_misc_corridors, regret_index_zot_stipple_split, uniq_josephina
Zot:5:    layout_basic, skrybe_zot_glass_3

Skill      XL: |  1  2  3  4  5  6  7  8  9 10 11 12 13 14 15 16 17 18 19 20 21 22 23 24 25 26 27 |
---------------+----------------------------------------------------------------------------------+-----
Earth Magic    | 4 5 6 7 8 10 11 12 14 15 16 17 18 19 20 21 22 23 24 | 24.3
Conjurations   | 2 3 4 5 7 8 10 11 12 13 14 15 16 17 18 19 20 21 22 | 22.3
Spellcasting   | 3 4 5 6 7 9 10 11 12 13 14 15 16 17 18 19 | 19.5
Air Magic      | 2 6 16 | 16.6
Fighting       | 4 7 8 9 10 11 12 13 14 15 16 17 18 19 20 | 20.7
Fire Magic     | 3 6 8 10 11 13 15 16 17 18 19 21 | 21.9
Shields        | 5 8 10 11 | 11.7
Armour         | 4 8 10 | 10.0
Dodging        | |  1.5
Stealth        | |  2.1

Action                     |  1- 3 |  4- 6 |  7- 9 | 10-12 | 13-15 | 16-18 | 19-21 | 22-24 | 25-27 || total
---------------------------+-------+-------+-------+-------+-------+-------+-------+-------+-------++-------
  Melee: Dagger            |    15 |     1 |     2 |     1 |    23 |     5 |       |       |       ||    47
         Unarmed           |     1 |       |       |       |       |       |       |       |       ||     1
         Broad axe         |       |       |       |       |       |     6 |       |       |       ||     6
         Staff             |       |       |       |       |       |     6 |    62 |    70 |    51 ||   189
   Cast: Sandblast         |    37 |    65 |   175 |   129 |    82 |    83 |       |       |       ||   571
         Stone Arrow       |       |     1 |    15 |    92 |   256 |   277 |    80 |   105 |    12 ||   838
         Freezing Cloud    |       |       |       |    65 |   201 |   242 |   105 |    83 |     1 ||   697
         Starburst         |       |       |       |       |    57 |    38 |    13 |    13 |       ||   121
         Lee's Rapid Decon |       |       |       |       |    40 |   218 |   262 |   159 |    56 ||   735
         Plasma Beam       |       |       |       |       |     1 |       |     6 |       |       ||     7
         Lehudib's Crystal |       |       |       |       |       |       |   119 |   306 |   176 ||   601
         Ignition          |       |       |       |       |       |       |    20 |    51 |    15 ||    86
         Shatter           |       |       |       |       |       |       |       |    39 |    12 ||    51
         Fire Storm        |       |       |       |       |       |       |       |       |   309 ||   309
  Evoke: Wand              |       |       |     1 |     1 |       |       |       |       |     7 ||     9
    Use: Scroll            |       |       |     8 |     9 |     9 |     6 |    15 |     3 |     6 ||    56
         Potion            |       |       |       |     4 |     3 |     3 |     3 |     5 |    14 ||    32
   Stab: Sleeping          |       |       |       |     1 |       |       |       |       |       ||     1
 Armour: Robe              |    19 |    23 |    84 |    36 |       |       |       |       |       ||   162
         Leather armour    |       |       |       |    63 |   140 |   249 |   140 |       |       ||   592
         Acid dragon scale |       |       |       |       |       |       |   124 |   289 |   232 ||   645
  Dodge: Dodged            |    20 |    18 |    82 |    97 |   148 |   212 |   197 |   220 |   187 ||  1181
  Block: Buckler           |       |       |       |       |    73 |   150 |   157 |   188 |   136 ||   704
         Reflection        |       |       |       |       |     9 |    49 |    40 |    36 |    28 ||   162

Table legend: (Time is in decaauts)
 A = Elapsed time spent in this place.
 B = Non-inter-level travel time spent in this place.
 C = Inter-level travel time spent in this place.
 D = Time resting spent in this place.
 E = Time spent auto-exploring this place.
 F = Levels seen in this place.
 G = Mean time per level.
                   A        B        C        D        E       F      G
               +--------+--------+--------+--------+--------+-----+--------+
         Total | 113907 | 106261 |   7646 |  49059 |  31486 |  61 | 1867.3 |
       Dungeon |  23324 |  20589 |   2735 |   6909 |   9849 |  15 | 1554.9 |
        Temple |    162 |      2 |    160 |      0 |      0 |   1 |  162.0 |
          Lair |   9548 |   8600 |    948 |   3922 |   2906 |   5 | 1909.6 |
        Shoals |   8840 |   8588 |    252 |   4862 |   1963 |   4 | 2210.0 |
     Snake Pit |   9916 |   9471 |    445 |   5069 |   2004 |   4 | 2479.0 |
    Slime Pits |   5169 |   4736 |    433 |   1705 |   2124 |   5 | 1033.8 |
  Orcish Mines |   3082 |   2912 |    170 |   1555 |    662 |   2 | 1541.0 |
   Elven Halls |   8183 |   7918 |    265 |   3911 |   1490 |   3 | 2727.7 |
        Vaults |  13821 |  13020 |    801 |   6188 |   2991 |   5 | 2764.2 |
         Crypt |   6231 |   6044 |    187 |   3015 |   1800 |   3 | 2077.0 |
        Depths |  10737 |  10205 |    532 |   5439 |   2438 |   4 | 2684.2 |
           Zot |  11609 |  10895 |    714 |   4729 |   2988 |   5 | 2321.8 |
         Abyss |    623 |    623 |      0 |    388 |      0 |   2 |  311.5 |
         Sewer |    555 |    555 |      0 |    115 |    259 |   1 |  555.0 |
        Bailey |    472 |    472 |      0 |    201 |      7 |   1 |  472.0 |
      Ice Cave |   1629 |   1629 |      0 |   1048 |      0 |   1 | 1629.0 |
               +--------+--------+--------+--------+--------+-----+--------+

Top non-repeatable levels by time:
 Snake:4: 4260 daAuts
   Zot:5: 3907 daAuts
Shoals:4: 3279 daAuts
   Elf:2: 3199 daAuts
Depths:1: 3081 daAuts
Depths:4: 2989 daAuts
Vaults:5: 2980 daAuts
Vaults:1: 2945 daAuts
 Crypt:3: 2903 daAuts
Vaults:3: 2868 daAuts
Vaults:2: 2717 daAuts
   Elf:3: 2701 daAuts
Depths:2: 2659 daAuts
   Zot:2: 2641 daAuts
    D:15: 2579 daAuts
